 Dungeon Crawl Stone Soup version 0.30-b1-2-g02819fbbbe (webtiles) character file.

Game seed: 7998367965471354763

137 Fartwhistle the Changer (level 5, -15/33 HPs)
             Began as an Octopode Transmuter on June 7, 2023.
             Was a High Priest of Ignis.
             Demolished by a gnoll
             ... wielding a +2 flail of draining
             ... led by a gnoll bouda
              (16 damage)
             ... on level 3 of the Dungeon.
             The game lasted 00:02:50 (1377 turns).

Fartwhistle the Changer (Octopode Transmuter)       Turns: 1377, Time: 00:02:51

Health: -15/33     AC:  2    Str: 15    XL:     5   Next: 20%
Magic:  6/9        EV: 19    Int: 18    God:    Ignis [*****.]
Gold:   58         SH:  0    Dex: 17    Spells: 4/10 levels left

rFire   + .          .
                       - Unarmed
rCold   . . .        (shield currently unavailable)
rNeg    . . .        (helmet currently unavailable)
rPois   x            (no amulet)
rElec   .            a - ring of see invisible
rCorr   +            c - ring of resist corrosion
SInv    +            f - +6 ring of strength
Will    .....        (no ring)
Stlth   ++           (no ring)
HPRegen 0.25/turn    (no ring)
MPRegen 0.11/turn    (no ring)
                     (no ring)

%: no passive effects
@: spider-form
A: venomous fangs, almost no armour, (amphibious), 8 rings, tiny, (camouflage
1), (gelatinous body 1), (nimble swimmer 1), (tentacles)
a: End Transformation, Renounce Religion, Fiery Armour, Foxfire Swarm, Rising
Flame


You were on level 3 of the Dungeon.
You worshipped Ignis.
Ignis was extremely pleased with you.
You were a venomous arachnid creature.
You visited 1 branch of the dungeon, and saw 3 of its levels.

You collected 58 gold pieces.

Inventory:

Jewellery
 a - a ring of see invisible (left front pincers)
 c - a ring of resist corrosion (right front pincers)
 f - a +6 ring of strength (on tentacle)
Scrolls
 d - a scroll of poison {unknown}
 g - a scroll of teleportation {unknown}
 h - 2 scrolls of identify {unknown}
Potions
 b - a potion of might {unknown}
 e - 2 potions of curing {unknown}
 i - a potion of degeneration {unknown}
 j - a potion of heal wounds {unknown}


   Skills:
 - Level 1.0 Fighting
 - Level 2.0 Dodging
 - Level 3.0 Unarmed Combat
 + Level 3.1 Spellcasting
 * Level 4.4 Transmutations


You had 4 spell levels left.
You knew the following spells:

 Your Spells              Type           Power      Damage    Failure   Level
a - Beastly Appendage     Tmut           36%        N/A       10%         1
b - Wereblood             Tmut           18%        N/A       13%         2
c - Spider Form           Tmut/Pois      10%        N/A       38%         3

Your spell library contained the following spells:

 Spells                   Type           Power      Damage    Failure   Level
 Ice Form                 Ice/Tmut       10%        N/A       75%         4


Dungeon Overview and Level Annotations

Branches:
Dungeon (3/15)

Altars:
Ignis


Innate Abilities, Weirdness & Mutations

You are a venomous arachnid creature.
You have venomous fangs.
You are tiny and dextrous.
Your spellcasting is less reliable in this form.
Your armour is entirely melded.
You are incapable of wielding weapons or throwing items.
You cannot wear most types of armour.
((You are amphibious.))
You can wear up to eight rings at the same time.
((Your skin changes colour to match your surroundings (Stealth+).))
((Your rubbery body absorbs attacks. (AC +1, EV +1)))
((You are camouflaged when in or above water. (Stealth+)))
((You have tentacles for arms and can constrict up to eight enemies at once.))


Message History

A gnoll is wielding a +2 flail of draining.
The frilled lizard hisses angrily.
The gnoll shouts! x2
A gnoll bouda comes into view. It is wielding a +0 club.
Found an escape hatch in the floor.
The gnoll shouts!
The frilled lizard closely misses you.
You barely miss the frilled lizard. Your grab misses the frilled lizard.
You squeeze the frilled lizard.
You kill the frilled lizard!
The quokka bites you. The gnoll closely misses you. The quokka bites you.
Unknown command.
The gnoll bouda barks out a call to the hunt!
The gnolls pick up the pace!
The quokka attacks as you move away! The quokka closely misses you.
The gnoll misses you.
Casting: Beastly Appendage (safe; 2% risk of failure)
Confirm with . or Enter, or press ? or * to list all spells.
Okay, then.
Casting: Beastly Appendage (safe; 2% risk of failure)
Confirm with . or Enter, or press ? or * to list all spells.
The spell is quite dangerous to miscast (19% risk of failure)!
Continue anyway?
You turn into a venomous arachnid creature.
The quokka misses you.
The gnoll hits you from afar with a +0 halberd.
You barely miss the quokka. The quokka misses you. The gnoll barely misses you.
You barely miss the quokka. The quokka barely misses you.
The quokka closely misses you. The gnoll completely misses you.
You hit the quokka.
The quokka is moderately wounded.
The quokka closely misses you.
You hit the quokka but do no damage.
The quokka is poisoned.
The quokka is moderately wounded.
The gnoll hits you from afar with a +0 halberd!
The quokka barely misses you.
You hit the quokka.
You kill the quokka!
The gnoll hits you from afar with a +0 halberd!
* * * LOW HITPOINT WARNING * * *
The gnoll hits you with a +2 flail of draining!
You die...

.. #># #.. #.###..
...... #.#.. #...†##
#####.#
.#...gg###.....# #
#......ggs..######.#
#.#....g##.....(....
##...####.#...## ##..
#......# ...
#..#####....## #.#
......##...### #.#
##..##........###.###
..................
.###........###.##


You could see a gnoll bouda and 4 gnolls.

Vanquished Creatures
  Natasha (twice) (D:2)
  2 adders (D:2)
  4 gnolls (D:2)
  A dart slug (D:1)
  An orc (D:3)
  3 endoplasms
  2 hobgoblins
  4 jackals (D:2)
  3 quokkas
  4 ball pythons
  A bat (D:1)
  A frilled lizard (D:3)
  A goblin (D:1)
  2 kobolds (D:1)
  2 rats
33 creatures vanquished.

Notes
Turn   | Place    | Note
-------+----------+-------------------------------------------
     0 | D:1      | Fartwhistle the Octopode Transmuter began the quest for the
                  | Orb.
     0 | D:1      | Reached XP level 1. HP: 13/13 MP: 3/3
   231 | D:1      | Reached XP level 2. HP: 18/18 MP: 3/5
   474 | D:1      | Found a faded altar of an unknown god.
   559 | D:1      | Prayed at the altar of an unknown god.
   559 | D:1      | Became a worshipper of Ignis, the Dying Flame
   669 | D:2      | Noticed Natasha
   674 | D:2      | Killed Natasha
   675 | D:2      | Reached skill level 3 in Transmutations
   675 | D:2      | Reached XP level 3. HP: 16/23 MP: 6/6
   834 | D:2      | Reached XP level 4. HP: 22/28 MP: 5/8
   851 | D:2      | Reached skill level 4 in Transmutations
   857 | D:2      | Learned a level 2 spell: Wereblood
   861 | D:2      | Learned a level 3 spell: Spider Form
  1142 | D:2      | Noticed Natasha
  1183 | D:2      | Killed Natasha
  1184 | D:2      | Reached XP level 5. HP: 31/33 MP: 9/9
  1377 | D:3      | HP: 1/33 [gnoll/+0 halberd[a gnoll bouda] (12)]
  1377 | D:3      | Demolished by a gnoll

Illustrated notes

Levels and vault maps discovered:
D:1:      minmay_arrival_cross, layout_basic, nicolae_ecumenical_snake_handling
D:2:      layout_loops_ring, uniq_natasha
D:3:      layout_loops_ring, nemelex_spade_bored_becter

Skill      XL: |  1  2  3  4 |
---------------+-------------+-----
Transmutations | 3 4 |  4.4
Spellcasting   | 3 |  3.1
Fighting       | |  1.0
Dodging        | |  2.0
Unarmed Combat | |  3.0

Action                     |  1- 3 |  4- 6 || total
---------------------------+-------+-------++-------
  Melee: Unarmed           |    46 |    28 ||    74
         Constrict         |    12 |     9 ||    21
         Tentacles         |    10 |     9 ||    19
         Kick              |     4 |     4 ||     8
         Punch             |     1 |     1 ||     2
   Cast: Beastly Appendage |     2 |     1 ||     3
         Spider Form       |       |     1 ||     1
    Use: Potion            |     1 |       ||     1
   Stab: Sleeping          |     6 |       ||     6
 Armour: Skin              |    10 |       ||    10
  Dodge: Dodged            |    24 |    21 ||    45
